 Dungeon Crawl Stone Soup version 0.17-a0-913-g36eb389 (webtiles) character file.

41 RobertPalmer the Slasher (level 3, -4/31 HPs)
             Began as a Draconian Fighter on May 3, 2015.
             Slain by a gnoll
             ... wielding a +0 spear
              (7 damage)
             ... on level 2 of the Dungeon.
             The game lasted 00:01:53 (1485 turns).

RobertPalmer the Slasher (Draconian Fighter)        Turns: 1485, Time: 00:01:53

Health: -4/31      AC:  5    Str: 18    XL:     3   Next: 32%
Magic:  3/3        EV: 10    Int:  8    God:
Gold:   110        SH:  9    Dex: 11    Spells: 0 memorised, 2 levels left

rFire  . . .     SeeInvis .     a - +0 long sword
rCold  . . .     Clarity  .     (armour unavailable)
rNeg   . . .     SustAb   .     b - +0 shield
rPois  .         Gourm    .     (helmet restricted)
rElec  .         Spirit   .     (no cloak)
rCorr  .         Warding  .     (no gloves)
rMut   .         Stasis   .     (no boots)
MR     .....                    (no amulet)
Stlth  +.........               (no ring)
                                (no ring)

@: not resistant to hostile enchantments, very unstealthy
A: unfitting armour, cold-blooded, AC +5
a: no special abilities


You were on level 2 of the Dungeon.
You were not hungry.

You visited 1 branch of the dungeon, and saw 2 of its levels.

You collected 110 gold pieces.

Inventory:

Hand weapons
 a - a +0 long sword (weapon)
Armour
 b - a +0 shield (worn)
Scrolls
 e - 2 scrolls of identify {unknown}
 h - a scroll of recharging {unknown}
 i - a scroll of random uselessness {unknown}
 k - a scroll of magic mapping {unknown}
Potions
 c - a potion of might
 f - 2 potions of curing {unknown}
 g - 2 potions of heal wounds {unknown}
 j - a potion of mutation {unknown}
Comestibles
 d - a bread ration {@e1}
 l - 2 chunks of flesh {@w0}


   Skills:
 - Level 3.2 Fighting
 + Level 3.8 Long Blades
 - Level 2.6 Dodging
 - Level 3.0 Shields


You had 2 spell levels left.
You didn't know any spells.

Dungeon Overview and Level Annotations

Branches:
Dungeon (2/15)

Altars:


Innate Abilities, Weirdness & Mutations

Your plain brown scales are hard (AC +5).
Your body does not fit into most forms of armour.
You are cold-blooded and may be slowed by cold attacks.


Message History

A goblin comes into view. It is wielding a club.
The goblin shouts!
A goblin is nearby!
A goblin is nearby!
You hit the goblin.
You kill the goblin!
You have reached level 3!
Your experience leads to an increase in your attributes!
Increase (S)trength, (I)ntelligence, or (D)exterity?
You feel agile.
Your scales feel tougher.
Health restored: 31; MP restored: 3
Things that are here:
a club; a goblin corpse You now have 100 gold pieces (gained 17).
You are feeling hungry.
You open the door.
There is an open door here.
k - a scroll labeled ONA FOTEPLEO
e - 2 scrolls labeled PAIGUFU JIACO (gained 1)
You see here a spear.
You now have 110 gold pieces (gained 10).
You are feeling very hungry.
Found a stone staircase leading up.
A giant newt comes into view.
A giant newt is nearby!
You block the giant newt's attack.
You closely miss the giant newt.
Your tail-slap misses the giant newt.
You block the giant newt's attack.
You barely miss the giant newt. The giant newt completely misses you.
You block the giant newt's attack.
You miss the giant newt. You block the giant newt's attack.
You barely miss the giant newt.
The giant newt bites you but does no damage.
You closely miss the giant newt.
Your tail-slap misses the giant newt.
The giant newt barely misses you. You block the giant newt's attack.
You closely miss the giant newt.
The giant newt bites you but does no damage.
The gnoll shouts!
You slash the giant newt!
You kill the giant newt!
A kobold comes into view.
The kobold shouts!
A gnoll comes into view. It is wielding a flail.
The gnoll shouts!
The gnoll hits you but does no damage.
You hit the gnoll. The gnoll hits you with a spear!
A gnoll comes into view.
You take 8 damage, and have 23/31 hp.
MASSIVE DAMAGE!!
You block the gnoll's attack.
There is an open door here.
The gnoll shouts!
There is a stone staircase leading up here.
You block the gnoll's attack. The gnoll hits you but does no damage.
You climb upwards.
There is a stone staircase leading down here.
You hit the gnoll but do no damage. The gnoll hits you but does no damage.
You slash the gnoll! You block the gnoll's attack.
You block the gnoll's attack.
You hit the gnoll. You block the gnoll's attack.
You hit the gnoll.
You kill the gnoll!
You see here a gnoll corpse.
You butcher the gnoll corpse.
l - 4 chunks of flesh {@w0} Eating one of 4 chunks of flesh {@w0}.
You continue eating. x2
You start resting.
Eating one of 3 chunks of flesh {@w0}.
You continue eating. x2
Health restored: 31 You see here 17 stones.
There is a stone staircase leading down here.
You climb downwards.
There is a stone staircase leading up here.
There is an open door here.
A goblin comes into view.
The goblin shouts!
There are monsters nearby!
There are monsters nearby!
There are monsters nearby!
There are monsters nearby!
The goblin barely misses you.
The gnoll shouts!
You slash the goblin!
You kill the goblin!
The gnoll hits you but does no damage.
The gnoll throws a stone.
The stone hits you!
You take 8 damage, and have 23/31 hp.
MASSIVE DAMAGE!!
The gnoll hits you with a spear.
You take 6 damage, and have 17/31 hp.
You hit the gnoll.
The gnoll throws a stone.
The stone hits you. The gnoll hits you with a spear!
* * * LOW HITPOINT WARNING * * *
You take 14 damage, and have 3/31 hp.
MASSIVE DAMAGE!!
You hit the gnoll but do no damage. You block the gnoll's attack.
The gnoll hits you with a spear!
You die...

##.# ..#.....#.........#
#.##. ...#
#.#.###.#.##....### #.#..
...#
#.#.###...##......####.#..
##.#
#.................'.......
...#
#.######..####..<.#.####..
########.#######.#
#...)#.# #..
.........#.....#.#
#....#.####.#
##.#####.#.###.#(#
#....#.#.....
.#.#...#.#...#.#@#
#....#......#
.#.#.###.#####.#g#
#....###.####
.#.#...........#.# #....#
#.#### ##.###########.#.#
###### #.....
...#.....#...#.#.#
######.###.
##.#.###.#.#.#.#.#
#....#<....
#.#...#.#.#.#.#.#
#....#.###.
##.#####.#.###.#.#
#......# #.
.......).#.....#..
#......###.


You could see a gnoll.

Vanquished Creatures
  A gnoll (D:1)
  An adder (D:2)
  7 goblins
  3 hobgoblins
  3 kobolds (D:1)
  2 bats (D:1)
  2 giant newts
  2 rats (D:1)
21 creatures vanquished.

Notes
Turn   | Place    | Note
--------------------------------------------------------------
     0 | D:1      | RobertPalmer, the Draconian Fighter, began the quest for the Orb.
     0 | D:1      | Reached XP level 1. HP: 19/19 MP: 1/1
   154 | D:1      | Reached XP level 2. HP: 20/26 MP: 2/2
   274 | D:1      | Reached skill level 3 in Long Blades
  1050 | D:2      | Reached XP level 3. HP: 31/31 MP: 3/3
  1484 | D:2      | HP: 3/31 [gnoll/spear (9)]
  1485 | D:2      | Slain by a gnoll

Action                   || total
-------------------------++-------
Melee: Long sword        ||    68
  Eat: Chunk             ||     2

Vault maps used:
D:1:      dpeg_arrival_chase, hex_tiny
D:2:      mumra_celtic_spiral_tile

Table legend:
 A = Turns spent in this place as a percentage of turns spent in the entire game.
 B = Non-inter-level travel turns spent in this place as a percentage of non-inter-level travel turns spent in the entire game.
 C = Inter-level travel turns spent in this place as a percentage of turns spent in this place.
 D = Turns resting spent in this place as a percentage of non-inter-level travel turns spent in this place.
 E = Turns spent auto-exploring this place as a percentage of non-inter-level travel turns spent in this place.
 F = Non-inter-level travel turns spent in this place divided by the number of levels of this place that you've seen.
                   A       B       C       D       E      F
               +-------+-------+-------+-------+-------+----------------------
         Total | 100.0 | 100.0 |   0.7 |   2.0 |  13.2 | 151.0
       Dungeon | 100.0 | 100.0 |   0.7 |   2.0 |  13.2 | 151.0
               +-------+-------+-------+-------+-------+----------------------

Table legend:
 A = Kills in this place as a percentage of kills in entire the game.
 B = Kills by you in this place as a percentage of kills by you in the entire game.
 C = Kills by friends in this place as a percentage of kills by friends in the entire game.
 D = Other kills in this place as a percentage of other kills in the entire game.
 E = Experience gained in this place as a percentage of experience gained in the entire game.
 F = Experience gained in this place divided by the number of levels of this place that you have seen.
                   A       B       C       D       E      F
               +-------+-------+-------+-------+-------+----------------------
         Total | 100.0 | 100.0 |  -nan |  -nan | 100.0 |  29.5
       Dungeon | 100.0 | 100.0 |  -nan |  -nan | 100.0 |  29.5
               +-------+-------+-------+-------+-------+----------------------
